 Dungeon Crawl Stone Soup version 0.19.0-22-gd96e5fe (console) character file.

1978 nht the Quickloader (level 9, -3/75 HPs)
             Began as a Minotaur Hunter on Nov 18, 2016.
             Was a Believer of Okawaru.
             Slain by a worker ant zombie (4 damage)
             ... on level 6 of the Dungeon.
             The game lasted 00:14:20 (4753 turns).

nht the Quickloader (Minotaur Hunter)               Turns: 4753, Time: 00:14:22

Health: -3/75      AC:  3    Str: 17    XL:     9   Next: 1%
Magic:  8/8        EV: 14    Int:  8    God:    Okawaru [**....]
Gold:   360        SH:  0    Dex: 14    Spells: 0 memorised, 8 levels left

rFire  . . .     SeeInvis .     b - +0 trident
rCold  . . .     Gourm    .     c - +0 leather armour
rNeg   . . .     Faith    +     (no shield)
rPois  .         Spirit   .     (helmet restricted)
rElec  .         Reflect  .     (no cloak)
rCorr  .         Harm     .     (no gloves)
MR     .....                    (no boots)
Stlth  +.........               q - amulet of faith
                                (no ring)
                                (no ring)

@: no status effects
A: retaliatory headbutt, horns 2
a: Heroism, Renounce Religion


You were on level 6 of the Dungeon.
You worshipped Okawaru.
Okawaru was pleased with you.
You were hungry.

You visited 2 branches of the dungeon, and saw 7 of its levels.
You also visited: Sewer.

You collected 360 gold pieces.

Inventory:

Hand Weapons
 a - a +1 hand crossbow
 b - a +0 trident (weapon)
 i - a +1 dagger of speed
Armour
 c - a +0 leather armour (worn)
Jewellery
 q - an amulet of faith (around neck)
Wands
 j - a wand of acid (0/15)
Scrolls
 m - 2 scrolls of fog
 n - a scroll of blinking
 o - 2 scrolls of teleportation
 p - a scroll of identify
Potions
 g - 2 potions of ambrosia
 h - 3 potions of curing
 l - 3 potions of heal wounds
Comestibles
 d - 2 chunks of flesh
 f - 3 bread rations


   Skills:
 + Level 6.1 Fighting
 - Level 10.3 Crossbows
 + Level 5.2 Armour
 + Level 5.4 Dodging
 - Level 0.7 Stealth


You had 8 spell levels left.
You didn't know any spells.

Dungeon Overview and Level Annotations

Branches:
Dungeon (6/15)             Temple (1/1) D:5

Altars:
Ashenzari
Cheibriados
Dithmenos
Elyvilon
Fedhas
Gozag
Hepliaklqana
Kikubaaqudgha
Makhleb
Nemelex Xobeh
Okawaru
Qazlal
Ru
Sif Muna
Trog
Uskayaw
Vehumet
Xom
Yredelemnul
Zin
The Shining One


Innate Abilities, Weirdness & Mutations

You reflexively headbutt those who attack you in melee.
You have a pair of horns on your head.


Message History

The ice beast hits you. The ice beast freezes you!
* * * LOW HITPOINT WARNING * * *
The ice beast hits you.
* * * LOW HITPOINT WARNING * * *
The ice beast freezes you!
* * * LOW HITPOINT WARNING * * *
As you read the scroll of fear, it crumbles to dust.
You assume a fearsome visage.
The ice beast looks frightened!
Evoke which item? (* to show all) (? for menu, Esc to quit)
Okay, then.
Unknown command.
A worker ant zombie comes into view.
You are feeling hungry.
You hit the worker ant zombie but do no damage.
The worker ant zombie bites you.
* * * LOW HITPOINT WARNING * * *
You barely miss the worker ant zombie. The worker ant zombie bites you.
* * * LOW HITPOINT WARNING * * *
The worker ant zombie bites you.
You die...

█..█.█
██().██.█
███....
█..█.██
...$....█
███████..█..
█..█.██....$.
..
........███.
█..█.██.█ █.█
███████<.█..
█......█.██.█
██...█
██....███.█.█


█████ █...██ ██..█ ██...███.█.█████████ ██.█.█.██..@Z......
█......██.█████████████ █...███████ ██. █ You could see a worker ant zombie.

Vanquished Creatures
  The ghost of Vajrapani the Infuser, a novice MfSk of the Shining One (D:6)
  Sigmund (D:5)
  Eustachio (D:4)
  Duvessa (D:5)
  A sky beast (D:5)
  An ogre (D:5)
  A phantom (D:4)
  2 big kobolds (D:4)
  Blork the orc (D:5)
  Dowan (D:5)
  A scorpion (D:5)
  3 crimson imps (D:6)
  A bullfrog zombie (D:6)
  An orc wizard (D:6)
  Natasha (twice) (D:2)
  An iguana (D:4)
  2 worker ants
  3 gnolls (D:2)
  4 adders
  A shadow imp (D:3)
  An ooze (D:2)
  2 adder skeletons
  An adder zombie (D:6)
  A worm (D:4)
  A dart slug (D:3)
  3 leopard geckos
  8 orcs
  5 ball pythons
  6 bats
  6 giant cockroaches
  9 goblins
  4 hobgoblins
  4 jackals (D:5)
  18 kobolds
  7 frilled lizards
  A giant cockroach zombie (D:5)
  2 leopard gecko skeletons (D:5)
  A quokka zombie (D:5)
  3 rats
113 creatures vanquished.

Notes
Turn   | Place    | Note
-------+----------+-------------------------------------------
     0 | D:1      | nht the Minotaur Hunter began the quest for the Orb.
     0 | D:1      | Reached XP level 1. HP: 18/18 MP: 0/0
   127 | D:1      | Reached XP level 2. HP: 25/25 MP: 1/1
   291 | D:1      | Reached skill level 5 in Crossbows
   701 | D:2      | Noticed Natasha
   707 | D:2      | Noticed a crimson imp
   707 | D:2      | Killed Natasha
   707 | D:2      | Reached XP level 3. HP: 18/30 MP: 2/2
  1080 | D:2      | Reached skill level 6 in Crossbows
  1222 | D:2      | Reached XP level 4. HP: 21/37 MP: 3/3
  1521 | D:2      | Noticed Natasha
  1530 | D:2      | Killed Natasha
  1662 | D:3      | Reached XP level 5. HP: 41/42 MP: 4/4
  1676 | D:3      | Reached skill level 7 in Crossbows
  1736 | D:3      | Found a sacrificial altar of Ru.
  2128 | D:4      | Noticed a phantom
  2138 | D:4      | Killed a phantom
  2138 | D:4      | Reached skill level 8 in Crossbows
  2138 | D:4      | Reached XP level 6. HP: 39/50 MP: 5/5
  2406 | D:4      | Gained mutation: You have large cloven feet. [potion of mutation]
  2406 | D:4      | Gained mutation: Your flesh is heat resistant. (rF+) [potion of mutation]
  2406 | D:4      | Gained mutation: You are dopey. (Int -2) [potion of mutation]
  2417 | D:4      | Lost mutation: Your flesh is heat resistant. (rF+) [potion of cure mutation]
  2417 | D:4      | Lost mutation: You are dopey. (Int -2) [potion of cure mutation]
  2417 | D:4      | Lost mutation: You have large cloven feet. [potion of cure mutation]
  2576 | D:4      | Noticed Eustachio
  2592 | D:5      | Entered Level 5 of the Dungeon
  2636 | D:5      | Reached skill level 9 in Crossbows
  2741 | D:5      | Found a glowing drain.
  2816 | Sewer    | Entered a sewer
  3388 | D:5      | Noticed a sky beast
  3388 | D:5      | Reached XP level 7. HP: 56/56 MP: 6/6
  3413 | D:5      | Noticed Dowan
  3682 | D:4      | Killed Eustachio
  3682 | D:4      | Reached skill level 10 in Crossbows
  3898 | D:5      | Found a staircase to the Ecumenical Temple.
  3906 | Temple   | Entered the Ecumenical Temple
  3993 | Temple   | Became a worshipper of Warmaster Okawaru
  4148 | D:5      | Noticed Duvessa
  4149 | D:5      | Killed Dowan
  4149 | D:5      | Reached skill level 1 in Armour
  4200 | D:5      | Killed Duvessa
  4200 | D:5      | Reached XP level 8. HP: 30/63 MP: 7/7
  4234 | D:5      | Noticed Blork the orc
  4237 | D:5      | Killed Blork the orc
  4273 | D:5      | Noticed Sigmund
  4275 | D:5      | Killed Sigmund
  4420 | D:6      | Reached * piety under Okawaru
  4622 | D:6      | Noticed Vajrapani's ghost (novice MfSk)
  4633 | D:6      | Killed Vajrapani's ghost
  4633 | D:6      | Reached ** piety under Okawaru
  4633 | D:6      | Reached skill level 5 in Armour
  4633 | D:6      | Reached skill level 5 in Dodging
  4633 | D:6      | Reached XP level 9. HP: 51/75 MP: 8/8
  4753 | D:6      | HP: 1/75 [worker ant zombie (3)]
  4753 | D:6      | Slain by a worker ant zombie

Skill      XL: |  1  2  3  4  5  6  7  8 |
---------------+-------------------------+-----
Crossbows      | 5 6 8 9 10 | 10.3
Fighting       | 3 6 |  6.1
Armour         | 2 5 |  5.2
Dodging        | 3 5 |  5.4
Stealth        | |  0.7

Action                   |  1- 3 |  4- 6 |  7- 9 || total
-------------------------+-------+-------+-------++-------
Melee: Hand crossbow     |       |     3 |       ||     3
       Headbutt          |       |    12 |    12 ||    24
       Trident           |       |   108 |    76 ||   184
       Kick              |       |     2 |       ||     2
 Fire: Hand crossbow     |    68 |    70 |    36 ||   174
Evoke: Wand              |       |     3 |    14 ||    17
  Use: Potion            |       |     8 |     1 ||     9
       Scroll            |       |     8 |     7 ||    15
 Stab: Sleeping          |       |     1 |       ||     1
  Eat: Chunk             |       |     8 |     4 ||    12
Armor: Leather armour    |     2 |    26 |     9 ||    37
       Skin              |       |    10 |       ||    10
Dodge: Dodged            |     8 |    63 |    42 ||   113
